 Dungeon Crawl Stone Soup version 0.15-a0-2265-gb33f7a6 (webtiles) character file.

27955 MackTheKnife the Fighter (level 13, -17/111 HPs)
             Began as a Human Fighter on July 27, 2014.
             Was a High Priest of Okawaru.
             Killed from afar by a fire crab (24 damage)
             ... with a blast of flame
             ... on Level 7 of the Lair of Beasts.
             The game lasted 00:37:03 (17350 turns).

MackTheKnife the Fighter (Human Fighter)           Turns: 17350, Time: 00:37:03

HP -17/111       AC 28     Str 24      XL: 13   Next: 69%
MP  25/26        EV 11     Int  8      God: Okawaru [*****.]
Gold 1011        SH  0     Dex 16      Spells:  0 memorised, 12 levels left

rFire  . . .     SeeInvis .     a - +5 great sword (elec)
rCold  + . .     Clarity  .     m - +4 storm dragon armour
rNeg   + . .     rCorr    .     (no shield)
rPois  .         rRot     .     E - +0 helmet
rElec  +         Spirit   .     x - +1 cloak "Thromat" {rC+}
SustAb .         Warding  +     G - +2 pair of gloves
rMut   .         Stasis   .     (no boots)
Gourm  .                        u - amulet of warding
MR     .....                    j - +3 ring of evasion
                                k - +5 ring of strength

@: heroism, not resistant to hostile enchantments, extremely unstealthy
A: no striking features
a: Heroism, Finesse, Renounce Religion


You were on level 7 of the Lair of Beasts.
You worshipped Okawaru.
Okawaru was extremely pleased with you.
You were hungry.

You visited 3 branches of the dungeon, and saw 18 of its levels.
You also visited: Volcano.

You collected 1011 gold pieces.


   Skills:
 + Level 13.5(18.5) Fighting
 - Level 12.8(17.8) Long Blades
 - Level 9.6(14.6) Armour
   Level 3.0(8.0) Shields
 - Level 9.2 Invocations


You had 12 spell levels left.
You didn't know any spells.

Inventory:

Hand weapons
 a - a +5 great sword of electrocution (weapon)
 c - a +3 bastard sword of holy wrath
Armour
 g - a +0 cloak
 m - a +4 storm dragon armour (worn)
 v - a +3 leather armour of magic resistance
 x - the +1 cloak "Thromat" (worn) {rC+}
   (You acquired it on level 6 of the Lair of Beasts)

   It protects you from cold.
 E - a +0 helmet (worn)
 G - a +2 pair of gloves (worn)
Magical devices
 o - a wand of slowing (16)
 p - a wand of lightning (4)
 t - a wand of fireball (8)
 A - a wand of digging (13)
 F - a wand of fire (1)
 I - a wand of draining (7)
Comestibles
 b - a royal jelly
 d - 4 bread rations
 l - 10 slices of pizza
 n - 7 fruits
 q - 11 meat rations
 B - 4 beef jerkies
Scrolls
 s - 2 scrolls of fog
 z - a scroll of amnesia
 C - 4 scrolls of remove curse
 D - a scroll of holy word
Jewellery
 f - a +3 ring of intelligence
 i - an uncursed ring of wizardry
 j - a +3 ring of evasion (right hand)
 k - a +5 ring of strength (left hand)
 u - an amulet of warding (around neck)
 w - a cursed amulet of faith {unknown}
 y - an uncursed ring of stealth
 J - an uncursed ring of flight {unknown}
Potions
 e - a potion of curing
 h - a potion of brilliance
 r - 2 potions of mutation {!q}

···[ ········ ·····
········· > ···P ▒·······▒
···· ··▒▒·P···▒▒ ·····
▒·▒···!··▒ ···· ▒▒#·%···▒
···▒▒ ▒·▒·▒▒▒▒▒
▒▒▒··▒▒▒▒▒▒▒▒▒t····▒▒▒·
▒▒▒··+▒··▒·▒▒··▒p····P·P·▒
·▒▒·····<<▒·▒··P··▒··P·P·
·▒··········▒·····}···PP·
···················P··PP·
··········▒P············
························
▒▒▒▒▒▒··▒▒▒▒▒··········
▒▒·▒ ▒·▒··▒·▒P· ▒▒▒
▒▒▒▒·▒▒▒▒


You could see a fire crab.


Message History

* * * LOW HITPOINT WARNING * * *
You slice the fire crab!!
The fire crab is severely wounded.
You are engulfed in roaring flames.
* * * LOW HITPOINT WARNING * * *
The fire crab bites you but does no damage.
The fire crab claws you but does no damage.
Unknown command.
You are engulfed in roaring flames.
* * * LOW HITPOINT WARNING * * *
Read which item? (? for menu, Esc to quit)
Okay, then.
Drink which item? (? for menu, Esc to quit)
Okay, then.
Drink which item? (? for menu, Esc to quit)
You feel better.
The fire crab bites you but does no damage.
The fire crab claws you.
* * * LOW HITPOINT WARNING * * *
You are engulfed in flames!
* * * LOW HITPOINT WARNING * * *
Read which item? (? for menu, Esc to quit)
Okay, then.
Drink which item? (? for menu, Esc to quit)
Okay, then.
You hit the fire crab.
There is a sudden explosion of sparks!
The fire crab is almost dead.
The fire crab breathes flames at you. The blast of flame engulfs you!
You die...

Action                   |  1- 3 |  4- 6 |  7- 9 | 10-12 | 13-15 || total
-------------------------+-------+-------+-------+-------+-------++-------
Melee: Long sword        |    75 |   196 |   467 |       |       ||   738
       Great sword       |       |       |       |   607 |   201 ||   808
Invok: Heroism           |       |       |       |     8 |     4 ||    12
       Finesse           |       |       |       |       |     1 ||     1
 Abil: Evoke Berserk Rag |       |     1 |     2 |       |       ||     3
Evoke: Wand              |       |     1 |     2 |    14 |     7 ||    24
  Use: Scroll            |     4 |     2 |     7 |    19 |     2 ||    34
       Potion            |       |       |     6 |     4 |     7 ||    17
  Eat: Chunk             |     1 |     6 |    11 |    21 |     3 ||    42
       Bread ration      |       |       |     1 |     2 |     1 ||     4

Vault maps used:
D:1:      roderic_dead_forest, corexii_item_surrounded_by_moat,
          minmay_box_of_dots
D:2:      first_bread
D:3:      minivault_26, minmay_misc_feat_more_columns, uniq_jessica,
          uniq_crazy_yiuf_cottage
D:4:      kennysheep_goblin_castle
D:5:      serial_shops, nicolae_shop_statue_plus, grunt_ministairs_2,
          roderic_batcave, hangedman_minor_gate_pass
D:6:      small_statue_intersection, nicolae_offbrand_ammo, uniq_eustachio
D:7:      minmay_temple_entry_statues_pillars, basic_altar, grunt_livestock
D:9:      serial_shops, shop_statue
D:10:     orc_0_dummy, due_lair_maze_entry_diamond, lemuel_flame_loot_1
Temple:   kilobyte_greek_temple_18
Lair:2:   infiniplex_staircase_pool_2
Lair:3:   uniq_nergalle, uniq_maud
Lair:5:   elwin_shoals_entry_rocks, minmay_snake_entry_guardpost_medium,
          serial_pond, minmay_pond_plants_q, minmay_pond_plants_k, basic_altar,
          uniq_snorg
Lair:6:   nicolae_slime_entry_slimehenge, nicolae_volcano_entry_lava_flow,
          st_stairs_3, minivault_11, minmay_lindwurm_lava, uniq_rupert
Volcano:  volcano_lake

Notes
Turn   | Place    | Note
--------------------------------------------------------------
     0 | D:1      | MackTheKnife, the Human Fighter, began the quest for the Orb.
     0 | D:1      | Reached XP level 1. HP: 18/18 MP: 1/1
   180 | D:1      | Reached XP level 2. HP: 14/24 MP: 2/2
   671 | D:1      | Reached skill level 3 in Long Blades
  1008 | D:2      | Reached XP level 3. HP: 21/29 MP: 3/3
  1233 | D:2      | Reached XP level 4. HP: 35/35 MP: 4/4
  1236 | D:2      | Reached skill level 4 in Long Blades
  1700 | D:3      | Noticed Crauler's ghost (average HaFi)
  1715 | D:3      | Killed Crauler's ghost
  1715 | D:3      | Reached skill level 5 in Long Blades
  1715 | D:3      | Reached XP level 5. HP: 41/41 MP: 5/5
  1989 | D:3      | Noticed Crazy Yiuf
  1995 | D:3      | Killed Crazy Yiuf
  1995 | D:3      | Reached XP level 6. HP: 47/47 MP: 6/6
  2084 | D:3      | Reached skill level 6 in Long Blades
  2301 | D:3      | Noticed Jessica
  2313 | D:3      | Killed Jessica
  2828 | D:4      | Reached XP level 7. HP: 52/52 MP: 7/7
  2840 | D:4      | Reached skill level 7 in Long Blades
  3363 | D:5      | Entered Level 5 of the Dungeon
  3559 | D:5      | Reached skill level 8 in Long Blades
  3624 | D:5      | Found Guyteaj's Weapon Shoppe.
  3882 | D:5      | Noticed Crauler's ghost (average DrTm)
  3905 | D:5      | Killed Crauler's ghost
  3905 | D:5      | Reached skill level 9 in Long Blades
  3905 | D:5      | Reached XP level 8. HP: 15/58 MP: 8/8
  4402 | D:6      | Noticed Eustachio
  4661 | D:7      | Reached skill level 10 in Long Blades
  4982 | D:7      | Reached skill level 4 in Fighting
  4982 | D:7      | Reached skill level 4 in Armour
  4982 | D:7      | Reached XP level 9. HP: 47/65 MP: 9/9
  5285 | D:7      | Reached skill level 5 in Fighting
  5285 | D:7      | Reached skill level 5 in Armour
  5387 | D:7      | Found a staircase to the Ecumenical Temple.
  5392 | Temple   | Entered the Ecumenical Temple
  5431 | Temple   | Became a worshipper of Warmaster Okawaru
  5490 | D:7      | Found an iron altar of Okawaru.
  6039 | D:7      | Reached skill level 6 in Armour
  6124 | D:7      | Reached skill level 6 in Fighting
  6156 | D:6      | Killed Eustachio
  6175 | D:6      | Acquired Okawaru's first power
  6265 | D:6      | Reached XP level 10. HP: 49/77 MP: 10/10
  6608 | D:6      | Found Tema Cli's Off-Brand Ammunition.
  6790 | D:6      | Reached skill level 7 in Fighting
  6790 | D:6      | Reached skill level 7 in Armour
  8180 | D:9      | Identified a scroll of acquirement
  8183 | D:9      | Got a transparent helmet
  8184 | D:9      | Identified the -3 helmet of the Game Afoot {Str+2} (You acquired it on level 9 of the Dungeon)
  8222 | D:9      | Noticed an eight-headed hydra
  8773 | D:10     | Entered Level 10 of the Dungeon
  8784 | D:10     | Reached skill level 8 in Armour
  8972 | D:10     | Found a staircase to the Lair.
  9406 | Lair:1   | Entered Level 1 of the Lair of Beasts
  9427 | Lair:1   | Reached skill level 11 in Long Blades
  9653 | Lair:1   | Reached XP level 11. HP: 26/86 MP: 11/11
  9963 | Lair:1   | Reached skill level 12 in Long Blades
 10032 | Lair:1   | Noticed a spiny frog
 10041 | Lair:1   | Killed a spiny frog
 10059 | Lair:1   | Noticed a black mamba
 10080 | Lair:1   | Killed a black mamba
 10096 | Lair:1   | HP: 8/86 [poisoned by a black mamba]
 10103 | Lair:1   | HP: 8/86 [poisoned by a black mamba]
 10111 | Lair:1   | HP: 8/86 [poisoned by a black mamba]
 10556 | Lair:1   | Reached skill level 8 in Fighting
 11430 | Lair:2   | Reached skill level 9 in Armour
 11439 | Lair:2   | Reached skill level 9 in Fighting
 12058 | Lair:3   | Noticed Nergalle
 12088 | Lair:3   | Acquired Okawaru's second power
 12302 | Lair:3   | Got a smoking scimitar
 12303 | Lair:3   | Identified the +8 scimitar of Devotion {slice, +Inv Dex-5} (You found it on level 3 of the Lair of Beasts)
 12342 | Lair:3   | Reached XP level 12. HP: 96/96 MP: 12/12
 12355 | Lair:3   | Noticed Maud
 12371 | Lair:3   | Killed Maud
 12371 | Lair:3   | Received a gift from Okawaru
 12371 | Lair:3   | Reached skill level 4 in Invocations
 12438 | Lair:3   | Reached skill level 5 in Invocations
 12544 | Lair:3   | Noticed a five-headed hydra
 12548 | Lair:3   | Killed a five-headed hydra
 12548 | Lair:3   | Reached skill level 6 in Invocations
 12915 | Lair:4   | Reached skill level 7 in Invocations
 13557 | Lair:4   | Reached skill level 8 in Invocations
 14161 | Lair:4   | Noticed a six-headed hydra
 14169 | Lair:4   | Killed a six-headed hydra
 14169 | Lair:4   | Reached skill level 9 in Invocations
 14547 | Lair:5   | Reached skill level 10 in Fighting
 15016 | Lair:5   | Reached XP level 13. HP: 98/104 MP: 26/26
 15154 | Lair:5   | Reached skill level 11 in Fighting
 15223 | Lair:5   | Found a staircase to the Shoals.
 15234 | Lair:5   | Received a gift from Okawaru
 15271 | Lair:5   | Found a staircase to the Snake Pit.
 15327 | Lair:5   | Noticed Snorg
 15339 | Lair:5   | Killed Snorg
 15393 | Lair:5   | Found a burning altar of Makhleb.
 15401 | Lair:5   | Noticed a four-headed hydra
 15410 | Lair:5   | Killed a seven-headed hydra
 15690 | Lair:6   | Reached skill level 12 in Fighting
 15971 | Lair:6   | Noticed Rupert
 15980 | Lair:6   | Paralysed by Rupert for 5 turns
 15990 | Lair:6   | Killed Rupert
 16117 | Lair:6   | Found a dark tunnel.
 16124 | Lair:6   | Reached skill level 13 in Fighting
 16128 | Volcano  | Entered a volcano
 16517 | Lair:6   | Found a staircase to the Slime Pits.
 17224 | Lair:6   | Got a brightly glowing cloak
 17236 | Lair:6   | Identified the +1 cloak "Thromat" {rC+} (You acquired it on level 6 of the Lair of Beasts)
 17346 | Lair:7   | HP: 10/111 [fire crab] (12)]
 17350 | Lair:7   | Killed from afar by a fire crab

Vanquished Creatures
  Rupert (Lair:6)
  Maud (Lair:3)
  Snorg (Lair:5)
  3 hydras
  A griffon (Lair:6)
  6 black mambas
  An item mimic (Lair:4)
  A fire drake (Lair:7)
  2 komodo dragons
  11 spiny frogs
  A polar bear (Lair:6)
  The ghost of Crauler the Insei, an average DrTm of Makhleb (D:5)
  A jumping spider (Lair:6)
  7 blink frogs
  A boulder beetle (Lair:5)
  4 redbacks (Lair:6)
  4 basilisks
  A hill giant zombie (D:7)
  20 yaks
  A hog (D:7)
  7 hippogriffs
  Eustachio (D:6)
  A tarantella (Lair:6)
  2 wyverns
  A human (D:7)
  3 nagas (Lair:5)
  2 hungry ghosts
  10 water moccasins
  A sky beast (D:6)
  4 porcupines
  An ice beast (D:7)
  7 crocodiles
  2 orc warriors
  4 ogres
  The ghost of Crauler the Covered, an average HaFi (D:3)
  5 centaurs
  14 giant frogs
  2 scorpions
  4 wights (D:6)
  2 crimson imps
  A goliath beetle (D:10)
  A yellow wasp zombie (D:8)
  6 jellies
  A quasit (D:8)
  2 orc priests
  Crazy Yiuf (D:3)
  12 hounds
  A black bear zombie (D:7)
  A black bear skeleton (D:5)
  9 iguanas
  5 worker ants
  3 orc wizards
  20 sheep
  Jessica (D:3)
  2 hound skeletons
  4 gnolls (D:3)
  32 green rats
  27 adders
  A giant mite (D:10)
  2 shadow imps
  A white imp (D:6)
  An iguana zombie (D:6)
  6 giant geckos
  7 oozes
  29 orcs
  3 ball pythons
  6 giant cockroaches
  10 goblins
  14 hobgoblins
  12 jackals
  11 kobolds
  12 quokkas
  31 bats
  A giant gecko skeleton (D:6)
  A giant newt (D:2)
  A hobgoblin skeleton (D:5)
  A jackal zombie (D:7)
  A kobold skeleton (D:4)
  12 rats
  A rat skeleton (D:8)
  A rat zombie (D:8)
  A plant (Lair:5)
438 creatures vanquished.

Vanquished Creatures (others)
  A yak (Lair:6)
  A crocodile (Lair:7)
  2 fungi
4 creatures vanquished.

Grand Total: 442 creatures vanquished
